 Dungeon Crawl Stone Soup version 0.30-a0-29-g142975f185 (webtiles) character file.

Game seed: 4013036121049978514

219 ytrimaz the Insei (level 6, -3/38 (47) HPs)
             Began as a Meteoran Transmuter on Aug 26, 2022.
             Slain by a wight
             ... wielding a +0 battleaxe
              (8 damage)
             ... on level 4 of the Dungeon.
             The game lasted 00:04:08 (2470 turns).

ytrimaz the Insei (Meteoran Transmuter)             Turns: 2470, Time: 00:04:08

HP:   -3/38 (47)    AC:  3    Str: 11    XL:     6   Next: 41%
MP:   0/11          EV: 12    Int: 18    God:
Gold: 224           SH:  0    Dex: 14    Spells: 4/10 levels left

rFire   . . .      SeeInvis +      - Unarmed
rCold   . . .      Faith    .    (no shield)
rNeg    . . .      Spirit   +    a - +0 robe
rPois   .          Reflect  .    (helmet currently unavailable)
rElec   .          Harm     .    (no cloak)
rCorr   .          Rampage  .    g - +0 pair of gloves
Will    .....                    (boots currently unavailable)
Stlth   +.........               h - amulet of guardian spirit
HPRegen 0.12/turn                k - ring of see invisible
MPRegen 0.12/turn                (no ring)

@: appendages, glowing, heavily drained
A: horns 2, talons 2, sense surroundings 1, otherworldly, glowing, explore regen
a: End Transformation


You were on level 4 of the Dungeon.
You had temporarily grown beastly horns and talons.
You visited 1 branch of the dungeon, and saw 5 of its levels.

You collected 224 gold pieces.

Inventory:

Armour
 a - a +0 robe (worn)
 g - a +0 pair of gloves (worn)
 n - a +2 scale mail of fire resistance
Jewellery
 h - an amulet of guardian spirit (around neck)
 k - a ring of see invisible (left hand)
Wands
 f - a wand of flame (24)
Scrolls
 c - a scroll of enchant weapon
 j - a scroll of vulnerability
 o - a scroll of fear {unknown}
 q - a scroll of amnesia {unknown}
 r - a scroll of identify
 s - a scroll of silence {unknown}
Potions
 b - a potion of might
 d - a potion of heal wounds {unknown}
 e - a potion of attraction {unknown}
 i - 2 potions of invisibility {unknown}
 l - a potion of mutation {unknown}
 m - 2 potions of resistance {unknown}
 p - a potion of curing {unknown}


   Skills:
 - Level 1.1 Fighting
 - Level 2.4 Dodging
 + Level 7.7 Unarmed Combat
 - Level 2.6 Spellcasting
 - Level 2.4 Transmutations


You had 4 spell levels left.
You knew the following spells:

 Your Spells              Type           Power      Damage    Failure   Level
a - Beastly Appendage     Tmut           22%        N/A       6%          1
b - Wereblood             Tmut           11%        N/A       10%         2
c - Spider Form           Tmut/Pois      6%         N/A       30%         3

Your spell library contained the following spells:

 Spells                   Type           Power      Damage    Failure   Level
 Slow                     Hex            8%         N/A       17%         1
 Ensorcelled Hibernation  Hex/Ice        4%         N/A       26%         2
 Confusing Touch          Hex            2%         N/A       45%         3
 Stone Arrow              Conj/Erth      4%         3d7       45%         3
 Vampiric Draining        Necr           2%         2d6       45%         3
 Ice Form                 Ice/Tmut       6%         N/A       71%         4
 Anguish                  Hex/Necr       1%         N/A       86%         4
 Animate Armour           Summ/Erth      4%         N/A       86%         4
 Lehudib's Crystal Spear  Conj/Erth      1%         10d2      100%        8


Dungeon Overview and Level Annotations

Branches:
Dungeon (5/15) Zot: 951
 Temple: D:4-7

Altars:
Xom
The Shining One

Shops:
D:1 *


Innate Abilities, Weirdness & Mutations

You have temporarily grown beastly horns and talons.
You passively map a small area around you.
You are easily found by Zot.
You glow in the dark.
You regain HP and MP as you explore.


Message History

You are frozen.
You hit the endoplasm.
You kill the endoplasm!
HP restored.
Your horns disappear.
Your talons disappear.
Key pressed, stopping explore.
There is an escape hatch in the floor here.
Done exploring.
Done exploring.
Done exploring.
Casting: Beastly Appendage (safe; 6% risk of failure)
Confirm with . or Enter, or press ? or * to list all spells.
You don't know that spell.
Unknown command.
There is a stone staircase leading down here.
You climb downwards.
There is a stone staircase leading up here.
There are monsters nearby!
Unknown command.
The wight misses you.
You climb upwards.
There is a stone staircase leading down here.
You closely miss the wight. You closely miss the wight.
The wight barely misses you.
You hit the wight.
The wight is moderately damaged.
The wight hits you with a +0 battleaxe!
You feel drained.
You grow a pair of large bovine horns.
Your feet morph into talons.
The wight hits you with a +0 battleaxe!
You feel drained.
You are too injured to fight recklessly!
You are too injured to fight recklessly!
You are too injured to fight recklessly!
Unknown command.
You hit the wight but do no damage. You claw the wight.
Your headbutt misses the wight.
The wight is severely damaged.
The wight hits you with a +0 battleaxe!
* * * LOW HITPOINT WARNING * * *
You feel drained.
You die...

...........#..#.##......###..#
...........#.#..###.##..##..##
...#.........#...###........#
..##............#......###..####
...####.........#.....## ##....##
>..# ##...........##### #.....#
#..###..(....##...## ####....
##.#.........##.(z.## ###.......
#.......>...##.@...## #.....##.#
###..............#...####...#####
#.#....................#.....##
..............................#
.#....).................#....##
.##.#.#))#..#........#########
.##.###.##..#......##..#
.....##).........#.....#
...####........##......#


You could see a wight.

Vanquished Creatures
  An orc priest (D:4)
  A hound (D:4)
  An orc wizard (D:4)
  Robin (D:3)
  2 adders
  2 worms
  A dart slug (D:2)
  3 orcs (D:4)
  5 ball pythons
  9 endoplasms
  2 giant cockroaches
  18 goblins
  6 hobgoblins
  7 jackals
  12 kobolds
  5 quokkas
  6 bats
  3 frilled lizards
  3 rats
88 creatures vanquished.

Notes
Turn   | Place    | Note
-------+----------+-------------------------------------------
     0 | D:1      | ytrimaz the Meteoran Transmuter began the quest for the
                  | Orb.
     0 | D:1      | Reached XP level 1. HP: 16/16 MP: 5/5
   200 | D:1      | Found a faded altar of an unknown god.
   209 | D:1      | Reached skill level 4 in Unarmed Combat
   221 | D:1      | Reached XP level 2. HP: 21/23 MP: 4/6
   501 | D:1      | Glimpsed the power of Zot.
   551 | D:1      | Glimpsed the power of Zot.
   552 | D:1      | Reached XP level 3. HP: 23/28 MP: 6/8
   591 | D:1      | Glimpsed the power of Zot.
   597 | D:1      | Found Gioqiq's Assorted Antiques.
   601 | D:1      | Touched by the power of Zot.
   718 | D:2      | Reached skill level 5 in Unarmed Combat
   823 | D:2      | Learned a level 2 spell: Wereblood
   827 | D:2      | Learned a level 3 spell: Spider Form
   979 | D:2      | Reached XP level 4. HP: 28/28 MP: 9/9
  1165 | D:2      | Found a glowing golden altar of the Shining One.
  1307 | D:2      | Glimpsed the power of Zot.
  1358 | D:2      | Glimpsed the power of Zot.
  1398 | D:2      | Glimpsed the power of Zot.
  1408 | D:2      | Touched by the power of Zot.
  1460 | D:3      | Reached skill level 6 in Unarmed Combat
  1575 | D:3      | Noticed Robin
  1590 | D:3      | Killed Robin
  1591 | D:3      | Reached XP level 5. HP: 20/24 MP: 2/10
  2040 | D:4      | Reached skill level 7 in Unarmed Combat
  2058 | D:4      | Found a shimmering altar of Xom.
  2128 | D:4      | Reached XP level 6. HP: 23/39 MP: 6/11
  2463 | D:5      | Entered Level 5 of the Dungeon
  2470 | D:4      | Slain by a wight

Illustrated notes

Levels and vault maps discovered:
D:1:      heliophobic_arrival_ceremonial_halls, layout_loops_ring,
          hellmonk_ecumenical_altar_lost_god, serial_aquarium,
          aquarium_bridge_long_joined [aquarium_subvault_bridge,
          aquarium_subvault_bridge, aquarium_subvault_bridge,
          aquarium_subvault_bridge, aquarium_subvault_wall,
          aquarium_subvault_window], aquarium_bridge_island_small
          [aquarium_subvault_small_water, aquarium_subvault_window,
          aquarium_subvault_bridge, aquarium_subvault_window,
          aquarium_subvault_window], aquarium_window_fake, aquarium_window_fake,
          aquarium_window_1, aquarium_window_fake, aquarium_view_2f,
          aquarium_view_2c, serial_shops,
          nicolae_shop_competitors_out_of_business
D:2:      layout_basic, basic_altar, minmay_fractal_squares_5
D:3:      layout_rooms, kennysheep_generic_room_13, uniq_robin
D:4:      layout_cave_pools, mainiacjoe_overflow_boulevard
D:5:      nicolae_cairo_tiling, layout_layer_cave, lemuel_tele_altar,
          minmay_manual_mullet, uniq_ijyb

Skill      XL: |  1  2  3  4  5 |
---------------+----------------+-----
Unarmed Combat | 4 5 6 7 |  7.7
Fighting       | |  1.1
Dodging        | |  2.4
Spellcasting   | |  2.6
Transmutations | |  2.4

Action                   |  1- 3 |  4- 6 || total
-------------------------+-------+-------++-------
Melee: Unarmed           |    64 |   121 ||   185
       Headbutt          |     4 |    14 ||    18
       Kick              |     7 |    21 ||    28
       Punch             |       |     3 ||     3
 Cast: Beastly Appendage |    15 |    23 ||    38
       Wereblood         |       |     2 ||     2
  Use: Scroll            |     3 |     3 ||     6
       Potion            |     1 |     1 ||     2
Armor: Robe              |    20 |    27 ||    47
       Skin              |     7 |    30 ||    37
Dodge: Dodged            |    36 |    75 ||   111

Table legend: (Time is in decaauts)
 A = Elapsed time spent in this place.
 B = Non-inter-level travel time spent in this place.
 C = Inter-level travel time spent in this place.
 D = Time resting spent in this place.
 E = Time spent auto-exploring this place.
 F = Levels seen in this place.
 G = Mean time per level.
                   A        B        C        D        E       F      G
               +--------+--------+--------+--------+--------+-----+--------+
         Total |   2448 |   2291 |    157 |     74 |   1498 |   5 |  489.6 |
       Dungeon |   2448 |   2291 |    157 |     74 |   1498 |   5 |  489.6 |
               +--------+--------+--------+--------+--------+-----+--------+

Top non-repeatable levels by time:
     D:2: 748 daAuts
     D:1: 657 daAuts
     D:4: 569 daAuts
     D:3: 472 daAuts
     D:5: 1 daAuts
